 Dungeon Crawl Stone Soup version 0.23.1 (webtiles) character file.

Game seed: 3588046875418338755

28219 pjoxt the Grappler (level 13, -2/131 HPs)
             Began as a Troll Monk on Mar 5, 2019.
             Was a High Priest of Cheibriados.
             Slain by a troll (12 damage)
             ... on level 2 of the Orcish Mines.
             The game lasted 00:37:38 (14083 turns).

pjoxt the Grappler (Troll Monk)                    Turns: 14083, Time: 00:37:39

Health: -2/131     AC: 10    Str: 38    XL:     13   Next: 8%
Magic:  7/18       EV: 13    Int: 18    God:    Cheibriados [*****.]
Gold:   1661       SH: 16    Dex: 24    Spells: 12/12 levels left

rFire    . . .     SeeInvis .     - Unarmed
rCold    + + .     Gourm    +   R - +0 shield
rNeg     . . .     Faith    .   P - +2 robe of the Will of the Gods {rC+ Slay+5}
rPois    .         Spirit   .   i - +1 hat
rElec    .         Reflect  +   S - +0 cloak
rCorr    .         Harm     .   (gloves unavailable)
MR       +....                  (boots unavailable)
Stlth    ++........             o - +4 amulet of reflection
HPRegen  0.71/turn              F - ring of protection from magic
MPRegen  0.16/turn              l - ring of protection from cold

@: very slow
A: large, unfitting armour, claws 3, fast metabolism 3, gourmand, regeneration
1, shaggy fur 1, tough skin 3
a: Bend Time, Temporal Distortion, Slouch, Step From Time, Renounce Religion


You were on level 2 of the Orcish Mines.
You worshipped Cheibriados.
Cheibriados was extremely pleased with you.
You were very full.

You visited 3 branches of the dungeon, and saw 16 of its levels.

You collected 1661 gold pieces.

Inventory:

Hand Weapons
 a - a +0 demon trident of electrocution
 O - a +0 giant spiked club
Missiles
 k - 6 large rocks
 n - 67 stones (quivered)
 z - 8 exploding tomahawks
 D - 3 tomahawks
Armour
 i - a +1 hat (worn)
 P - the +2 robe of the Will of the Gods (worn) {rC+ Slay+5}
   (You found it on level 1 of the Lair of Beasts)

   It affects your accuracy and damage with ranged weapons and melee attacks
   (+5).
   It protects you from cold.
 R - a +0 shield (worn)
 S - a +0 cloak (worn)
Jewellery
 l - a ring of protection from cold (right claw)
 o - a +4 amulet of reflection (around neck)
 q - an uncursed ring of resist corrosion
 E - an uncursed amulet of guardian spirit {unknown}
 F - a ring of protection from magic (left claw)
 M - an uncursed amulet of rage {unknown}
 Q - an uncursed amulet of guardian spirit {unknown}
Wands
 s - a wand of polymorph (24)
 t - a wand of digging (7)
 u - a wand of disintegration (10)
 x - a wand of enslavement (7)
 y - a wand of clouds (5)
 H - a wand of paralysis (9)
Scrolls
 c - 6 scrolls of fog
 e - 2 scrolls of enchant weapon
 f - 6 scrolls of remove curse
 h - 7 scrolls of amnesia
 j - 4 scrolls of enchant armour
 r - 5 scrolls of teleportation
 B - 3 scrolls of blinking
 G - 2 scrolls of magic mapping
 J - a scroll of identify
Potions
 d - 4 potions of curing
 m - 3 potions of might
 p - a potion of berserk rage {unknown}
 v - a potion of heal wounds {unknown}
 w - 2 potions of mutation {unknown}
 A - a potion of haste {unknown}
 C - a potion of magic {unknown}
 I - a potion of cancellation {unknown}
 N - a potion of resistance {unknown}
Miscellaneous
 K - a lightning rod (4/4)
Comestibles
 b - 36 rations


   Skills:
 + Level 9.4 Fighting
 - Level 8.2 Maces & Flails
 * Level 4.4 Polearms
 - Level 4.3 Throwing
 - Level 2.0 Armour
 - Level 5.3 Dodging
 - Level 1.0 Stealth
 * Level 4.2 Shields
 - Level 10.1 Unarmed Combat
 - Level 9.0 Invocations
 - Level 1.0 Evocations


You had 12 spell levels left.
You didn't know any spells.
Your spell library contained the following spells:

 Spells                   Type           Power        Failure   Level  Hunger
 Beastly Appendage        Tmut           #.....       52%         1    ##.....
 Corona                   Hex            #......      52%         1    ##.....
 Magic Dart               Conj           #...         52%         1    ##.....
 Blink                    Tloc           N/A          67%         2    ###....
 Call Imp                 Summ           #.......     67%         2    ###....
 Ensorcelled Hibernation  Hex/Ice        #.....       67%         2    ###....
 Slow                     Hex            #.......     67%         2    ###....
 Sticks to Snakes         Tmut           #.......     67%         2    ###....
 Confuse                  Hex            #.......     88%         3    ####...
 Conjure Flame            Conj/Fire      #.......     88%         3    ####...
 Dazzling Spray           Conj/Hex       #.....       88%         3    ####...
 Mephitic Cloud           Conj/Pois/Air  #.......     88%         3    ####...
 Spider Form              Tmut/Pois      #.........   88%         3    ####...
 Tukima's Dance           Hex            #.......     88%         3    ####...
 Ice Form                 Ice/Tmut       #.......     99%         4    #####..
 Blade Hands              Tmut           #.........   100%        5    ######.


Dungeon Overview and Level Annotations

Branches:
Dungeon (10/15)            Temple (0/1) D:7            Lair (4/6) D:10
 Shoals (0/4) Lair:2          Orc (2/2) D:10
  Snake: Lair:2-4    Spider: Lair:2-4       Elf: Orc:2

Altars:
Cheibriados
Dithmenos
Kikubaaqudgha
Nemelex Xobeh
Trog
Xom

Shops:
Orc:2 }[

Annotations:
D:5 2 runed translucent doors, pjoxt's ghost, novice TrMo


Innate Abilities, Weirdness & Mutations

You are too large for most types of armour.
You have claws for hands.
Your metabolism is lightning-fast.
You like to eat raw meat.
Your natural rate of healing is unusually fast.
You are covered in fur. (AC +1)
You have extremely tough skin. (AC +3)


Message History

You block the troll's attack. x2; The troll barely misses you.
You closely miss the troll.
The troll is lightly wounded.
The troll bites you.
* * * LOW HITPOINT WARNING * * *
You block the troll's attack. The troll completely misses you.
Okay, then.
As you read the scroll of fear, it crumbles to dust.
You assume a fearsome visage.
The troll looks frightened!
The troll resists with some effort.
The troll looks frightened!
The deep troll looks frightened!
An ogre comes into view. It is wielding a +0 giant club.
You block the troll's attack. The troll completely misses you.
You block the troll's attack. The troll bites you!
* * * LOW HITPOINT WARNING * * *
You block the troll's attack. The troll claws you.
* * * LOW HITPOINT WARNING * * *
You feel better. The troll bites you!
You die...

#................#.....
#............#.##....
###....<.....#####...)
##.#.#..)...### ####.
#.......).....# #.
##..........### #.
#..........# ##
##......#..## #
#.....@##.## ##
#....)T####
###.###....## ##
#......#..[####.##
.............#...# ##
.........#O.....###.##
.#..........T..§§.....
................§...##
...........#T)(.§....#


You could see a troll and an ogre.

Vanquished Creatures
  Donald (Orc:2)
  Azrael (Orc:2)
  4 two-headed ogres (Orc:2)
  Nergalle (D:10)
  An orc knight (Orc:2)
  2 orc sorcerers (Orc:2)
  A cyclops (Orc:2)
  A merfolk siren (Lair:2)
  Maurice (Orc:2)
  4 elephants (Lair:3)
  3 komodo dragons
  A rime drake (Lair:1)
  6 trolls
  9 blink frogs (Lair:3)
  6 hippogriffs
  17 yaks
  4 fire elementals
  A warg (Orc:2)
  A steam dragon (D:7)
  5 swamp worms (D:10)
  Edmund (D:5)
  2 insubstantial wisps (D:7)
  3 water moccasins
  3 hell hounds
  2 porcupines
  2 black bears (D:10)
  An ice beast (D:10)
  8 sky beasts
  4 phantoms
  A necrophage (D:8)
  13 orc warriors
  3 wolves (Lair:2)
  17 ogres
  4 centaurs
  10 crocodiles
  12 bullfrogs
  An elf zombie (D:8)
  Blork the orc (D:5)
  4 scorpions
  A water moccasin skeleton (D:8)
  A troll skeleton (D:8)
  6 wights
  4 howler monkeys
  3 electric eels (Lair:3)
  8 crimson imps
  4 human zombies (D:8)
  4 jellies
  A bullfrog skeleton (D:4)
  12 orc priests
  4 centaur skeletons
  8 hounds
  4 iguanas
  10 orc wizards
  A human skeleton (D:8)
  4 worker ants
  An ogre zombie (D:8)
  A hound zombie (D:6)
  A hound skeleton (D:9)
  A mummy (D:8)
  2 worker ant zombies
  4 gnolls (D:8)
  9 adders
  2 shadow imps (D:6)
  6 oozes
  An adder zombie (D:8)
  5 adder skeletons
  3 worms
  8 leopard geckos
  55 orcs
  7 giant cockroaches
  9 goblins
  9 hobgoblins
  8 jackals
  9 kobolds
  2 quokkas (D:4)
  2 ball pythons
  4 bats
  6 frilled lizards
  5 rats
397 creatures vanquished.

Vanquished Creatures (others)
  6 plants
6 creatures vanquished.

Grand Total: 403 creatures vanquished

Notes
Turn   | Place    | Note
-------+----------+-------------------------------------------
     0 | D:1      | pjoxt the Troll Monk began the quest for the Orb.
     0 | D:1      | Reached XP level 1. HP: 22/22 MP: 0/0
   160 | D:1      | Reached XP level 2. HP: 29/29 MP: 1/1
   547 | D:2      | Noticed a crimson imp
   569 | D:2      | Reached XP level 3. HP: 35/36 MP: 2/2
   592 | D:2      | Reached skill level 4 in Unarmed Combat
   685 | D:2      | Reached XP level 4. HP: 44/45 MP: 3/3
   822 | D:3      | Found a snail-covered altar of Cheibriados.
   840 | D:3      | Became a worshipper of Cheibriados the Contemplative
   840 | D:3      | Reached * piety under Cheibriados
   840 | D:3      | Reached ** piety under Cheibriados
  1326 | D:2      | Reached XP level 5. HP: 50/53 MP: 4/4
  1806 | D:2      | Found a shadowy altar of Dithmenos.
  2375 | D:4      | Reached *** piety under Cheibriados
  2628 | D:4      | Reached XP level 6. HP: 60/62 MP: 5/5
  2698 | D:4      | Reached skill level 5 in Unarmed Combat
  2950 | D:5      | Entered Level 5 of the Dungeon
  3119 | D:5      | Noticed Edmund
  3131 | D:5      | Killed Edmund
  3131 | D:5      | Reached skill level 1 in Invocations
  3131 | D:5      | Reached XP level 7. HP: 70/71 MP: 5/7
  3481 | D:5      | Noticed Blork the orc
  3485 | D:5      | Killed Blork the orc
  3777 | D:5      | Found a shimmering altar of Xom.
  3912 | D:5      | Found a large runed translucent door.
  3913 | D:5      | Found a large runed translucent door.
  3917 | D:5      | Noticed pjoxt's ghost (novice TrMo)
  4439 | D:6      | Reached skill level 5 in Fighting
  4439 | D:6      | Reached skill level 6 in Unarmed Combat
  4439 | D:6      | Reached XP level 8. HP: 42/80 MP: 8/8
  4536 | D:6      | Reached **** piety under Cheibriados
  4949 | D:6      | Reached skill level 7 in Unarmed Combat
  5220 | D:7      | Found a staircase to the Ecumenical Temple.
  5407 | D:7      | Reached XP level 9. HP: 89/89 MP: 11/11
  5636 | D:7      | Reached ***** piety under Cheibriados
  5636 | D:7      | Reached skill level 5 in Invocations
  5729 | D:7      | Reached skill level 8 in Unarmed Combat
  7053 | D:8      | Reached skill level 1 in Throwing
  7053 | D:8      | Reached XP level 10. HP: 98/102 MP: 13/13
  7248 | D:8      | Found an ancient bone altar of Kikubaaqudgha.
  7531 | D:8      | Reached skill level 9 in Unarmed Combat
  7877 | D:9      | Found a bloodstained altar of Trog.
  7904 | D:9      | Found a sparkling altar of Nemelex Xobeh.
  8190 | D:9      | Reached ****** piety under Cheibriados
  8771 | D:10     | Entered Level 10 of the Dungeon
  8873 | D:10     | Found a staircase to the Orcish Mines.
  9574 | D:10     | Noticed Nergalle
  9581 | D:10     | Killed Nergalle
  9581 | D:10     | Reached XP level 11. HP: 96/110 MP: 15/15
  9590 | D:10     | Found a staircase to the Lair.
  9738 | Orc:1    | Entered Level 1 of the Orcish Mines
  9794 | Orc:1    | Reached skill level 10 in Unarmed Combat
  9917 | Orc:2    | Entered Level 2 of the Orcish Mines
  9948 | Orc:2    | Noticed an orc sorcerer
  9951 | Orc:2    | Noticed Donald
  9957 | Orc:2    | Killed an orc sorcerer
  9957 | Orc:2    | Reached skill level 1 in Evocations
 10054 | Lair:1   | Entered Level 1 of the Lair of Beasts
 10174 | Lair:1   | Reached skill level 1 in Maces & Flails
 10436 | Lair:1   | Got a faintly humming robe
 10449 | Lair:1   | Identified the +2 robe of the Will of the Gods {rC+ Slay+5}
                  | (You found it on level 1 of the Lair of Beasts)
 10759 | Lair:1   | Reached skill level 5 in Maces & Flails
 11051 | Lair:2   | Found a staircase to the Shoals.
 12113 | Lair:3   | Reached XP level 12. HP: 106/121 MP: 17/17
 12311 | Lair:3   | Reached skill level 1 in Armour
 12311 | Lair:3   | Reached skill level 5 in Dodging
 12708 | Lair:4   | Noticed a four-headed hydra
 13163 | Orc:2    | Killed Donald
 13518 | Orc:2    | Noticed Azrael
 13529 | Orc:1    | Reached skill level 1 in Polearms
 13534 | Orc:1    | Reached skill level 1 in Shields
 13827 | Orc:2    | Killed Azrael
 14038 | Orc:2    | Found Meleer's Armour Boutique.
 14038 | Orc:2    | Noticed a two-headed ogre
 14039 | Orc:2    | Found Haejuwun's Gadget Shoppe.
 14042 | Orc:2    | Noticed Maurice
 14046 | Orc:2    | Killed a two-headed ogre
 14046 | Orc:2    | Noticed a two-headed ogre
 14046 | Orc:2    | Noticed a two-headed ogre
 14053 | Orc:2    | Killed a two-headed ogre
 14053 | Orc:2    | Killed a two-headed ogre
 14054 | Orc:2    | Killed Maurice
 14054 | Orc:2    | Noticed a two-headed ogre
 14054 | Orc:2    | Noticed a two-headed ogre
 14056 | Orc:2    | Reached XP level 13. HP: 82/130 MP: 2/18
 14082 | Orc:2    | HP: 4/130 [troll (13)]
 14083 | Orc:2    | Slain by a troll

Skill      XL: |  1  2  3  4  5  6  7  8  9 10 11 12 13 |
---------------+----------------------------------------+-----
Fighting       | 3 4 5 6 7 8 9 |  9.4
Unarmed Combat | 4 5 6 7 8 9 10 | 10.1
Dodging        | 3 4 5 |  5.3
Invocations    | 1 2 4 6 7 8 9 |  9.0
Throwing       | 1 4 |  4.3
Evocations     | 1 |  1.0
Maces & Flails | 7 8 |  8.2
Armour         | 2 |  2.0
Polearms       | 4 |  4.4
Shields        | 3 4 |  4.2
Stealth        | |  1.0

Action                   |  1- 3 |  4- 6 |  7- 9 | 10-12 | 13-15 || total
-------------------------+-------+-------+-------+-------+-------++-------
Melee: Unarmed           |    70 |   160 |   277 |   466 |    15 ||   988
       Punch             |     1 |     5 |    13 |    40 |       ||    59
       Giant spiked club |       |       |       |    29 |       ||    29
Throw: Stone             |       |    16 |    77 |   139 |       ||   232
Invok: Slouch            |       |       |       |    10 |       ||    10
       Step From Time    |       |       |       |     1 |       ||     1
Evoke: Lightning rod     |       |       |       |     3 |       ||     3
       Wand              |       |       |       |     5 |       ||     5
  Use: Scroll            |       |       |    11 |    11 |     3 ||    25
       Potion            |       |       |       |       |     1 ||     1
 Stab: Sleeping          |       |     3 |     5 |     8 |       ||    16
  Eat: Chunk             |    12 |    15 |    25 |    49 |       ||   101
Armor: Robe              |    27 |    55 |    53 |   103 |     1 ||   239
Dodge: Dodged            |    44 |    77 |   141 |   269 |    12 ||   543
Block: Other             |       |       |    29 |    56 |       ||    85
       Reflection        |       |       |     1 |     1 |     1 ||     3
       Shield            |       |       |       |    51 |    25 ||    76
